Workbook

Sheet Orçamento Sintético
A1: ORÇAMENTO SINTÉTICO
B2: Obra | C2: Bancos | E2: B.D.I. | H2: Encargos Sociais
B3: STRIP-OUT CREMERJ | H3: Não Desonerado: embutido nos preços unitário dos insumos de mão de obra, de acordo com as bases.
A4: Orçamento Sintético
A5: Item | B5: Descrição | C5: Und | D5: Quant. | E5: Valor Unit | F5: Valor total sem BDI | G5: Valor Unit com BDI | H5: Total | I5: Peso (%)
A6: 1 | B6: SERVIÇOS INICIAIS | D6: 1 | F6: =F7+F8+F9+F10 -> 0
A7: 1.1 | B7: MOBILIZACAO/DESMOBILIZACAO DE EQUIP. E MO | C7: UN | D7: 1 | F7: =D7*E7 -> 0
A8: 1.2 | B8: ENTRADA DE ENERGIA ELÉTRICA, AÉREA, TRIFÁSICA, COM CAIXA DE EMBUTIR, CABO DE 10 MM2 E DISJUNTOR DIN 50A (NÃO INCLUSO O POSTE DE CONCRETO). AF_12/2025 | C8: UN | D8: 1 | F8: =D8*E8 -> 0
A9: 1.3 | B9: LEVANTAMENTO CADASTRAL DE EDIFICAÇÃO ATÉ 500M2 | C9: UN | D9: 1 | F9: =D9*E9 -> 0
A10: 1.4 | B10: LEVANTAMENTO CADASTRAL DE EDIFICAÇÃO EXCEDENTE ENTRE 501M2 À 2000M2 | C10: m² | D10: 2400 | F10: =D10*E10 -> 0
A11: 2 | B11: SERVIÇOS ADMINISTRATIVOS | D11: 1 | F11: =F12+F13 -> 0
A12: 2.1 | B12: ART de Execução | C12: und | D12: 1 | F12: =D12*E12 -> 0
A13: 2.2 | B13: Taxas de Licenciamento (Ambiental e Prefeitura) | C13: und | D13: 1 | F13: =D13*E13 -> 0
A14: 3 | B14: ADMINISTRAÇÃO LOCAL | D14: 1 | F14: =F15+F16+F17 -> 0
A15: 3.1 | B15: ENGENHEIRO CIVIL DE OBRA JUNIOR COM ENCARGOS COMPLEMENTARES | C15: MES | D15: 1.5 | F15: =D15*E15 -> 0
A16: 3.2 | B16: MESTRE DE OBRAS COM ENCARGOS COMPLEMENTARES | C16: MES | D16: 2 | F16: =D16*E16 -> 0
A17: 3.3 | B17: TÉCNICO EM SEGURANÇA DO TRABALHO COM ENCARGOS COMPLEMENTARES | C17: MES | D17: 2 | F17: =D17*E17 -> 0
A18: 4 | B18: EQUIPAMENTOS | D18: 1 | F18: =F19 -> 0
A19: 4.1 | B19: MARTELETE OU ROMPEDOR PNEUMÁTICO MANUAL, 28 KG, COM SILENCIADOR - CHP DIURNO. AF_07/2016 | C19: CHP | D19: 65 | F19: =D19*E19 -> 0
A20: 5 | B20: PROTEÇÕES | D20: 1 | F20: =F21+F22+F23 -> 0
A21: 5.1 | B21: PROTECOES-PROTECAO PISO DE PAVIMENTO TERREO COM LONA/VINIL | C21: m² | D21: 150 | F21: =D21*E21 -> 0
A22: 5.2 | B22: CHAPA/PAINEL DE MADEIRA COMPENSADA RESINADA E = 8 A 12 MM (PROTEÇÃO RÍGIDA) | C22: m² | D22: 150 | F22: =D22*E22 -> 0
A23: 5.3 | B23: PROTEÇÃO DE FACHADA COM LONAS | C23: m² | D23: 650 | F23: =D23*E23 -> 0
A24: 6 | B24: DEMOLIÇÕES - ARQUITETURA | D24: 1 | F24: =F25+F26+F27+F28+F29+F30+F31+F32+F33+F34+F35+F36+F37 -> 0
A25: 6.1 | B25: REMOÇÃO DE FORROS DE DRYWALL, PVC E FIBROMINERAL, DE FORMA MANUAL, SEM REAPROVEITAMENTO. AF_09/2023 | C25: m² | D25: 1800 | F25: =D25*E25 -> 0
A26: 6.2 | B26: DEMOLIÇÃO DE REVESTIMENTO CERÂMICO, DE FORMA MECANIZADA COM MARTELETE, SEM REAPROVEITAMENTO. AF_09/2023 (PISO) | C26: m² | D26: 1700 | F26: =D26*E26 -> 0
A27: 6.3 | B27: DEMOLICAO MANUAL PISO VINILICO E ARGAM. DE ASSENTAMENTO | C27: m² | D27: 130 | F27: =D27*E27 -> 0
A28: 6.4 | B28: DEMOLIÇÃO DE PISO DE CONCRETO SIMPLES, DE FORMA MECANIZADA COM MARTELETE, SEM REAPROVEITAMENTO. AF_09/2023 | C28: m³ | D28: 80 | F28: =D28*E28 -> 0
A29: 6.5 | B29: Remoção de impermeabilização com manta asfaltica | C29: m² | D29: 500 | F29: =D29*E29 -> 0
A30: 6.6 | B30: DEMOLIÇÃO DE REVESTIMENTO CERÂMICO, DE FORMA MANUAL, SEM REAPROVEITAMENTO. AF_09/2023 (PAREDE) | C30: m² | D30: 750 | F30: =D30*E30 -> 0
A31: 6.7 | B31: DEMOLIÇÃO DE ALVENARIA DE BLOCO FURADO, DE FORMA MANUAL, SEM REAPROVEITAMENTO. AF_09/2023 | C31: m³ | D31: 241 | F31: =D31*E31 -> 0
A32: 6.8 | B32: REMOÇÃO DE PORTAS, DE FORMA MANUAL, SEM REAPROVEITAMENTO. AF_09/2023 | C32: m² | D32: 180 | F32: =D32*E32 -> 0
A33: 6.9 | B33: REMOCAO MANUAL DE BANCADA MARMORE/GRANITO S/REAPROVEITAMENTO | C33: M | D33: 15 | F33: =D33*E33 -> 0
A34: 6.10 | B34: Desmontagem de balcões, armários e mobiliário incorporado | C34: CJ | D34: 1 | F34: =D34*E34 -> 0
A35: 6.11 | B35: Retirada de divisória tipo naval | C35: m² | D35: 200 | F35: =D35*E35 -> 0
A36: 6.12 | B36: REMOÇÃO DE VIDRO LISO COMUM DE ESQUADRIA COM BAGUETE DE MADEIRA. AF_11/2025 (M2) | C36: m² | D36: 54 | F36: =D36*E36 -> 0
A37: 6.13 | B37: REMOÇÃO DE VIDRO TEMPERADO FIXADO EM PERFIL U. AF_11/2025 (M2) | C37: m² | D37: 16 | F37: =D37*E37 -> 0
A38: 7 | B38: DEMOLIÇÃO - INSTALAÇOES ELÉTRICAS | D38: 1 | F38: =F39+F40+F41+F42+F43+F44 -> 0
A39: 7.1 | B39: Mapeamento, desligamento, bloqueio e etiquetagem de circuitos | C39: UND | D39: 1 | F39: =D39*E39 -> 0
A40: 7.2 | B40: REMOÇÃO DE LUMINÁRIAS, DE FORMA MANUAL, SEM REAPROVEITAMENTO. AF_09/2023 | C40: UN | D40: 250 | F40: =D40*E40 -> 0
A41: 7.3 | B41: REMOÇÃO DE CABOS ELÉTRICOS, COM SEÇÃO DE ATÉ 2,5 MM², DE FORMA MANUAL, SEM REAPROVEITAMENTO. AF_09/2023 | C41: M | D41: 8940.75 | F41: =D41*E41 -> 0
A42: 7.4 | B42: REMOÇÃO DE ACESSÓRIOS, DE FORMA MANUAL, SEM REAPROVEITAMENTO. AF_09/2023 | C42: UN | D42: 500 | F42: =D42*E42 -> 0
A43: 7.5 | B43: RETIRADA DE QUADRO DE DISTRIBUICAO COM 12 A 20 DISJUNTORES | C43: UN | D43: 6 | F43: =D43*E43 -> 0
A44: 7.6 | B44: Desmontagem de pontos, racks secundários e cabeamento lógico | C44: UN | D44: 1 | F44: =D44*E44 -> 0
A45: 8 | B45: DEMOLIÇÃO - CLIMATIZAÇÃO | D45: 1 | F45: =F46+F47+F48+F49+F50+F51 -> 0
A46: 8.1 | B46: Inventário técnico e plano de desativação de climatização | C46: UND | D46: 1 | F46: =D46*E46 -> 0
A47: 8.2 | B47: RETIRADA DE UNIDADE CONDENSADORA DE AR CONDICIONADO | C47: UN | D47: 10 | F47: =D47*E47 -> 0
A48: 8.3 | B48: RETIRADA DE UNIDADE EVAPORADORA DE AR CONDICIONADO | C48: UN | D48: 20 | F48: =D48*E48 -> 0
A49: 8.4 | B49: RETIRADA DE DIFUSORES E GRELHAS | C49: UN | D49: 20 | F49: =D49*E49 -> 0
A50: 8.5 | B50: RETIRADA DE DUTOS INTERNOS | C50: M | D50: 50 | F50: =D50*E50 -> 0
A51: 8.6 | B51: Desmontagem e movimentação de chiller/compressor ou equivalente | C51: UN | D51: 1 | F51: =D51*E51 -> 0
A52: 9 | B52: DEMOLIÇÃO - HIDROSSANITÁRIO | D52: 1 | F52: =F53+F54+F55 -> 0
A53: 9.1 | B53: REMOÇÃO DE LOUÇAS, DE FORMA MANUAL, SEM REAPROVEITAMENTO. AF_09/2023 | C53: UN | D53: 40 | F53: =D53*E53 -> 0
A54: 9.2 | B54: Fechamento, drenagem, tamponamento e identificação de redes | C54: UN | D54: 70 | F54: =D54*E54 -> 0
A55: 9.3 | B55: REMOÇÃO DE TUBULAÇÕES (TUBOS E CONEXÕES) DE ÁGUA FRIA, DE FORMA MANUAL, SEM REAPROVEITAMENTO. AF_09/2023 | C55: M | D55: 1000 | F55: =D55*E55 -> 0
A56: 10 | B56: LIMPEZA | D56: 1 | F56: =F57+F58+F59 -> 0
A57: 10.1 | B57: Limpeza geral | C57: m² | D57: 2400 | F57: =D57*E57 -> 0
A58: 10.2 | B58: ALUGUEL DE CACAMBA 48 HORAS 5m3 (PRECO MEDIO) | C58: UN | D58: ='Memorial de cálculo'!N218 -> 109 | F58: =D58*E58 -> 0
A59: 10.3 | B59: CARGA, MANOBRA E DESCARGA DE CAÇAMBA DE ENTULHO EM CAMINHÃO POLIGUINDASTE 8 M3. AF_02/2026 | C59: m³ | D59: ='Memorial de cálculo'!N222 -> 543 | F59: =D59*E59 -> 0
D61: Total sem BDI | G61: =F56+F52+F45+F38+F24+F20+F18+F14+F11+F6 -> 0
D62: Total do BDI | G62: =G63-G61 -> 0
D63: Total Geral | G63: =H56+H52+H45+H38+H24+H20+H18+H14+H11+H6 -> 0

Sheet Orçamento Analítico
A1: ORÇAMENTO ANALÍTICO
B2: Obra | C2: Bancos | E2: B.D.I. | G2: Encargos Sociais
B3: STRIP-OUT CREMERJ | G3: Não Desonerado: embutido nos preços unitário dos insumos de mão de obra, de acordo com as bases.
A4: Planilha Orçamentária Analítica
A5: 1 | B5: SERVIÇOS INICIAIS | H5: 49935.36
A6: 1.1 | B6: Descrição | C6: Tipo | E6: Und | F6: Quant. | G6: Valor Unit | H6: Total
A7: Composição | B7: MOBILIZACAO/DESMOBILIZACAO DE EQUIP. E MO | C7: CONTENCOES | E7: UN | F7: 1
A8: Insumo | B8: MOBILIZACAO/DESMOBILIZACAO/MAO DE OBRA E EQUIP.EMPREIT. | C8: Material | E8: UN | F8: 1
C9: MO sem LS => | D9: 0 | E9: LS => | F9: 0 | G9: MO com LS =>
C10: Valor do BDI => | F10: Valor com BDI =>
E11: Quant. => | F11: 1,00 | G11: Preço Total =>
A13: 1.2 | B13: Descrição | C13: Tipo | E13: Und | F13: Quant. | G13: Valor Unit | H13: Total
A14: Composição | B14: ENTRADA DE ENERGIA ELÉTRICA, AÉREA, TRIFÁSICA, COM CAIXA DE EMBUTIR, CABO DE 10 MM2 E DISJUNTOR DIN 50A (NÃO INCLUSO O POSTE DE CONCRETO). AF_12/2025 | C14: Instalações Elétricas - Rede de Distribuição | E14: UN | F14: 1
A15: Composição Auxiliar | B15: DISJUNTOR TRIPOLAR TIPO DIN, CORRENTE NOMINAL DE 50A - FORNECIMENTO E INSTALAÇÃO. AF_07/2025 | C15: Instalações Elétricas - Quadros, Cabos, Disjuntores, Contatores e Barramentos Blindados | E15: UN | F15: 1
A16: Composição Auxiliar | B16: ELETRODUTO RÍGIDO ROSCÁVEL, PVC, DN 32 MM (1"), PARA CIRCUITOS TERMINAIS, INSTALADO EM PAREDE - FORNECIMENTO E INSTALAÇÃO. AF_03/2023 | C16: Instalações Elétricas - Eletrodutos Embutidos, Cabos, Caixas, Tomadas e Interruptores | E16: M | F16: 6.05
A17: Composição Auxiliar | B17: ASSENTAMENTO DE POSTE DE CONCRETO COM COMPRIMENTO NOMINAL DE 9 M, CARGA NOMINAL MENOR OU IGUAL A 1000 DAN, ENGASTAMENTO SIMPLES COM 1,5 M DE SOLO (NÃO INCLUI FORNECIMENTO). AF_04/2025 | C17: Postes de Concreto e Metálicos | E17: UN | F17: 1
A18: Composição Auxiliar | B18: ARGAMASSA TRAÇO 1:1:6 (EM VOLUME DE CIMENTO, CAL E AREIA MÉDIA ÚMIDA) PARA EMBOÇO/MASSA ÚNICA/ASSENTAMENTO DE ALVENARIA DE VEDAÇÃO, PREPARO MANUAL. AF_08/2019 | C18: Argamassas | E18: m³ | F18: 0.0194
A19: Composição Auxiliar | B19: AUXILIAR DE ELETRICISTA COM ENCARGOS COMPLEMENTARES | C19: Livro SINAPI: Cálculos e Parâmetros | E19: H | F19: 0.5238
A20: Composição Auxiliar | B20: ELETRICISTA COM ENCARGOS COMPLEMENTARES | C20: Livro SINAPI: Cálculos e Parâmetros | E20: H | F20: 2.619
A21: Composição Auxiliar | B21: CABO DE COBRE FLEXÍVEL ISOLADO, 10 MM², ANTI-CHAMA 0,6/1,0 KV, PARA CIRCUITOS TERMINAIS - FORNECIMENTO E INSTALAÇÃO. AF_03/2023 | C21: Instalações Elétricas - Eletrodutos Embutidos, Cabos, Caixas, Tomadas e Interruptores | E21: M | F21: 22.2
A22: Composição Auxiliar | B22: CURVA 180 GRAUS PARA ELETRODUTO, PVC, ROSCÁVEL, DN 32 MM (1"), PARA CIRCUITOS TERMINAIS, INSTALADA EM PAREDE - FORNECIMENTO E INSTALAÇÃO. AF_03/2023 | C22: Instalações Elétricas - Eletrodutos Embutidos, Cabos, Caixas, Tomadas e Interruptores | E22: UN | F22: 1
A23: Composição Auxiliar | B23: LUVA PARA ELETRODUTO, PVC, ROSCÁVEL, DN 32 MM (1"), PARA CIRCUITOS TERMINAIS, INSTALADA EM PAREDE - FORNECIMENTO E INSTALAÇÃO. AF_03/2023 | C23: Instalações Elétricas - Eletrodutos Embutidos, Cabos, Caixas, Tomadas e Interruptores | E23: UN | F23: 1
A24: Composição Auxiliar | B24: HASTE DE ATERRAMENTO, DIÂMETRO 3/4", COM 3 METROS - FORNECIMENTO E INSTALAÇÃO. AF_08/2023 | C24: Sistema de Proteção contra Descargas Atmosféricas - SPDA | E24: UN | F24: 1
A25: Composição Auxiliar | B25: CURVA 90 GRAUS PARA ELETRODUTO, PVC, ROSCÁVEL, DN 32 MM (1"), PARA CIRCUITOS TERMINAIS, INSTALADA EM PAREDE - FORNECIMENTO E INSTALAÇÃO. AF_03/2023 | C25: Instalações Elétricas - Eletrodutos Embutidos, Cabos, Caixas, Tomadas e Interruptores | E25: UN | F25: 1
... A36: Insumo | B36: VERGALHAO ZINCADO ROSCA TOTAL, 1/4" (6,3 MM) | C36: Material | E36: M | F36: 0.1664
C37: MO sem LS => | E37: LS => | F37: 0 | G37: MO com LS =>
C38: Valor do BDI => | F38: Valor com BDI =>
E39: Quant. => | F39: 1,00 | G39: Preço Total =>
A41: 1.3 | B41: Descrição | C41: Tipo | E41: Und | F41: Quant. | G41: Valor Unit | H41: Total
A42: Composição | B42: LEVANTAMENTO CADASTRAL DE EDIFICAÇÃO ATÉ 500M2 | C42: Edificação | E42: UN | F42: 1
A43: Insumo | B43: DESENHISTA CADISTA (SGSP) | C43: Mão de Obra | E43: mes | F43: 24
A44: Insumo | B44: ENGENHEIRO/ ARQUITETO JÚNIOR - ATÉ 5 ANOS DE EXPERIÊNCIA (SGSP) | C44: Mão de Obra | E44: mes | F44: 8
A45: Insumo | B45: AJUDANTE OU AUXILIAR DE TOPOGRAFIA (SGSP) | C45: Mão de Obra | E45: mes | F45: 16
A46: Insumo | B46: TOPÓGRAFO (SGSP) | C46: Mão de Obra | E46: mes | F46: 16
C47: MO sem LS => | E47: LS => | F47: 0 | G47: MO com LS =>
C48: Valor do BDI => | F48: Valor com BDI =>
E49: Quant. => | F49: 1,00 | G49: Preço Total =>
A51: 1.4 | B51: Descrição | C51: Tipo | E51: Und | F51: Quant. | G51: Valor Unit | H51: Total
A52: Composição | B52: LEVANTAMENTO CADASTRAL DE EDIFICAÇÃO EXCEDENTE ENTRE 501M2 À 2000M2 | C52: Edificação | E52: m² | F52: 1
A53: Insumo | B53: DESENHISTA CADISTA (SGSP) | C53: Mão de Obra | E53: mes | F53: 0.0408
A54: Insumo | B54: AJUDANTE OU AUXILIAR DE TOPOGRAFIA (SGSP) | C54: Mão de Obra | E54: mes | F54: 0.0272
A55: Insumo | B55: TOPÓGRAFO (SGSP) | C55: Mão de Obra | E55: mes | F55: 0.0272
A56: Insumo | B56: ENGENHEIRO/ ARQUITETO JÚNIOR - ATÉ 5 ANOS DE EXPERIÊNCIA (SGSP) | C56: Mão de Obra | E56: mes | F56: 0.0136
C57: MO sem LS => | E57: LS => | F57: 0 | G57: MO com LS =>
C58: Valor do BDI => | F58: Valor com BDI =>
E59: Quant. => | F59: 2.400,00 | G59: Preço Total =>
A61: 2 | B61: SERVIÇOS ADMINISTRATIVOS | H61: 12960.87
B62: Descrição | C62: Tipo | E62: Und | F62: Quant. | G62: Valor Unit | H62: Total
A63: Insumo | B63: ART de Execução | C63: Taxas | E63: und | F63: 1
C64: MO sem LS => | D64: 0 | E64: LS => | F64: 0 | G64: MO com LS => | H64: 0
C65: Valor do BDI => | F65: Valor com BDI =>
E66: Quant. => | F66: 1,00 | G66: Preço Total =>
B68: Descrição | C68: Tipo | E68: Und | F68: Quant. | G68: Valor Unit | H68: Total
A69: Insumo | B69: Taxas de Licenciamento (Ambiental e Prefeitura) | C69: Taxas | E69: und | F69: 1 | G69: 10000 | H69: 10000
C70: MO sem LS => | D70: 0 | E70: LS => | F70: 0 | G70: MO com LS =>
C71: Valor do BDI => | F71: Valor com BDI =>
E72: Quant. => | F72: 1,00 | G72: Preço Total =>
A74: 3 | B74: ADMINISTRAÇÃO LOCAL | H74: 137935.65
A75: 3.1 | B75: Descrição | C75: Tipo | E75: Und | F75: Quant. | G75: Valor Unit | H75: Total
A76: Composição | B76: ENGENHEIRO CIVIL DE OBRA JUNIOR COM ENCARGOS COMPLEMENTARES | C76: Livro SINAPI: Cálculos e Parâmetros | E76: MES | F76: 1 | G76: 25969.67 | H76: 25969.67
A77: Insumo | B77: SEGURO - MENSALISTA (COLETADO CAIXA - ENCARGOS COMPLEMENTARES) | C77: Encargos Complementares | E77: MES | F77: 1
A78: Insumo | B78: ENGENHEIRO CIVIL DE OBRA JUNIOR (MENSALISTA) | C78: Mão de Obra | E78: MES | F78: 1
A79: Insumo | B79: ALIMENTACAO - MENSALISTA (COLETADO CAIXA - ENCARGOS COMPLEMENTARES) | C79: Encargos Complementares | E79: MES | F79: 1
A80: Insumo | B80: EPI - FAMILIA ENGENHEIRO CIVIL - MENSALISTA (ENCARGOS COMPLEMENTARES - COLETADO CAIXA) | C80: Encargos Complementares | E80: MES | F80: 1
A81: Insumo | B81: FERRAMENTAS - FAMILIA ENGENHEIRO CIVIL - MENSALISTA (ENCARGOS COMPLEMENTARES - COLETADO CAIXA) | C81: Encargos Complementares | E81: MES | F81: 1
A82: Insumo | B82: EXAMES - MENSALISTA (COLETADO CAIXA - ENCARGOS COMPLEMENTARES) | C82: Encargos Complementares | E82: MES | F82: 1
C83: MO sem LS => | E83: LS => | F83: 0 | G83: MO com LS =>
C84: Valor do BDI => | F84: Valor com BDI =>
E85: Quant. => | F85: 1,50 | G85: Preço Total =>
A87: 3.2 | B87: Descrição | C87: Tipo | E87: Und | F87: Quant. | G87: Valor Unit | H87: Total
A88: Composição | B88: MESTRE DE OBRAS COM ENCARGOS COMPLEMENTARES | C88: Livro SINAPI: Cálculos e Parâmetros | E88: MES | F88: 1
A89: Insumo | B89: SEGURO - MENSALISTA (COLETADO CAIXA - ENCARGOS COMPLEMENTARES) | C89: Encargos Complementares | E89: MES | F89: 1
A90: Insumo | B90: FERRAMENTAS - FAMILIA ENCARREGADO GERAL - MENSALISTA (ENCARGOS COMPLEMENTARES - COLETADO CAIXA) | C90: Encargos Complementares | E90: MES | F90: 1
A91: Insumo | B91: ALIMENTACAO - MENSALISTA (COLETADO CAIXA - ENCARGOS COMPLEMENTARES) | C91: Encargos Complementares | E91: MES | F91: 1
A92: Insumo | B92: EXAMES - MENSALISTA (COLETADO CAIXA - ENCARGOS COMPLEMENTARES) | C92: Encargos Complementares | E92: MES | F92: 1
A93: Insumo | B93: MESTRE DE OBRAS (MENSALISTA) | C93: Mão de Obra | E93: MES | F93: 1
A94: Insumo | B94: TRANSPORTE - MENSALISTA (COLETADO CAIXA - ENCARGOS COMPLEMENTARES) | C94: Encargos Complementares | E94: MES | F94: 1
A95: Insumo | B95: EPI - FAMILIA ENCARREGADO GERAL - MENSALISTA (ENCARGOS COMPLEMENTARES - COLETADO CAIXA) | C95: Encargos Complementares | E95: MES | F95: 1
C96: MO sem LS => | E96: LS => | F96: 0 | G96: MO com LS =>
C97: Valor do BDI => | F97: Valor com BDI =>
E98: Quant. => | F98: 2 | G98: Preço Total =>
A100: 3.3 | B100: Descrição | C100: Tipo | E100: Und | F100: Quant. | G100: Valor Unit | H100: Total
A101: Composição | B101: TÉCNICO EM SEGURANÇA DO TRABALHO COM ENCARGOS COMPLEMENTARES | C101: Livro SINAPI: Cálculos e Parâmetros | E101: MES | F101: 1
A102: Insumo | B102: TRANSPORTE - MENSALISTA (COLETADO CAIXA - ENCARGOS COMPLEMENTARES) | C102: Encargos Complementares | E102: MES | F102: 1
A103: Insumo | B103: TECNICO EM SEGURANCA DO TRABALHO (MENSALISTA) | C103: Mão de Obra | E103: MES | F103: 1
A104: Insumo | B104: SEGURO - MENSALISTA (COLETADO CAIXA - ENCARGOS COMPLEMENTARES) | C104: Encargos Complementares | E104: MES | F104: 1
A105: Insumo | B105: ALIMENTACAO - MENSALISTA (COLETADO CAIXA - ENCARGOS COMPLEMENTARES) | C105: Encargos Complementares | E105: MES | F105: 1
A106: Insumo | B106: EXAMES - MENSALISTA (COLETADO CAIXA - ENCARGOS COMPLEMENTARES) | C106: Encargos Complementares | E106: MES | F106: 1
A107: Insumo | B107: FERRAMENTAS - FAMILIA ALMOXARIFE - MENSALISTA (ENCARGOS COMPLEMENTARES - COLETADO CAIXA) | C107: Encargos Complementares | E107: MES | F107: 1
A108: Insumo | B108: EPI - FAMILIA ALMOXARIFE - MENSALISTA (ENCARGOS COMPLEMENTARES - COLETADO CAIXA) | C108: Encargos Complementares | E108: MES | F108: 1
C109: MO sem LS => | E109: LS => | F109: 0 | G109: MO com LS =>
C110: Valor do BDI => | F110: Valor com BDI =>
E111: Quant. => | F111: 2 | G111: Preço Total =>
A113: 4 | B113: EQUIPAMENTOS | H113: 3305.25
A114: 4.1 | B114: Descrição | C114: Tipo | E114: Und | F114: Quant. | G114: Valor Unit | H114: Total
A115: Composição | B115: MARTELETE OU ROMPEDOR PNEUMÁTICO MANUAL, 28 KG, COM SILENCIADOR - CHP DIURNO. AF_07/2016 | C115: Custos Horários Produtivo e Improdutivo dos Equipamentos | E115: CHP | F115: 1
A116: Composição Auxiliar | B116: MARTELETE OU ROMPEDOR PNEUMÁTICO MANUAL, 28 KG, COM SILENCIADOR - MANUTENÇÃO. AF_07/2016 | C116: Depreciação, Juros, Impostos e Seguros, Manutenção e Materiais na Operação dos Equipamentos | E116: H | F116: 1
A117: Composição Auxiliar | B117: OPERADOR DE MARTELETE OU MARTELETEIRO COM ENCARGOS COMPLEMENTARES | C117: Livro SINAPI: Cálculos e Parâmetros | E117: H | F117: 1
A118: Composição Auxiliar | B118: MARTELETE OU ROMPEDOR PNEUMÁTICO MANUAL, 28 KG, COM SILENCIADOR - JUROS. AF_07/2016 | C118: Depreciação, Juros, Impostos e Seguros, Manutenção e Materiais na Operação dos Equipamentos | E118: H | F118: 1
A119: Composição Auxiliar | B119: MARTELETE OU ROMPEDOR PNEUMÁTICO MANUAL, 28 KG, COM SILENCIADOR - DEPRECIAÇÃO. AF_07/2016 | C119: Depreciação, Juros, Impostos e Seguros, Manutenção e Materiais na Operação dos Equipamentos | E119: H | F119: 1
...

Sheet Curva ABC de Serviços
A1: CURVA ABC DE SERVIÇOS
C2: Obra | D2: Bancos | F2: B.D.I. | I2: Encargos Sociais
C3: STRIP-OUT CREMERJ | I3: Não Desonerado: embutido nos preços unitário dos insumos de mão de obra, de acordo com as bases.
A5: Código | B5: Banco | C5: Descrição | D5: Und | E5: Quant. | F5: Valor Unit | G5: Valor total sem BDI | H5: Valor Unit com BDI | I5: Total | J5: Peso (%)
A6: 012334 | B6: SBC | C6: ALUGUEL DE CACAMBA 48 HORAS 5m3 (PRECO MEDIO) | D6: UN | E6: ='Memorial de cálculo'!N218 -> 109 | J6: =I6/G53 -> #DIV/0!
A7: 93565 | B7: SINAPI | C7: ENGENHEIRO CIVIL DE OBRA JUNIOR COM ENCARGOS COMPLEMENTARES | D7: MES | E7: 1.5 | J7: =I7/G53 -> #DIV/0!
A8: 94295 | B8: SINAPI | C8: MESTRE DE OBRAS COM ENCARGOS COMPLEMENTARES | D8: MES | E8: 2 | J8: =I8/G53 -> #DIV/0!
A9: 97633 | B9: SINAPI | C9: DEMOLIÇÃO DE REVESTIMENTO CERÂMICO, DE FORMA MANUAL, SEM REAPROVEITAMENTO. AF_09/2023 (PAREDE) | D9: m² | E9: 750 | J9: =I9/G53 -> #DIV/0!
A10: 97622 | B10: SINAPI | C10: DEMOLIÇÃO DE ALVENARIA DE BLOCO FURADO, DE FORMA MANUAL, SEM REAPROVEITAMENTO. AF_09/2023 | D10: m³ | E10: 241 | J10: =I10/G53 -> #DIV/0!
A11: 100321 | B11: SINAPI | C11: TÉCNICO EM SEGURANÇA DO TRABALHO COM ENCARGOS COMPLEMENTARES | D11: MES | E11: 2 | J11: =I11/G53 -> #DIV/0!
A12: 97634 | B12: SINAPI | C12: DEMOLIÇÃO DE REVESTIMENTO CERÂMICO, DE FORMA MECANIZADA COM MARTELETE, SEM REAPROVEITAMENTO. AF_09/2023 (PISO) | D12: m² | E12: 1700 | J12: =I12/G53 -> #DIV/0!
A13: 20003071 | B13: SIURB | C13: LEVANTAMENTO CADASTRAL DE EDIFICAÇÃO EXCEDENTE ENTRE 501M2 À 2000M2 | D13: m² | E13: 2400 | J13: =I13/G53 -> #DIV/0!
A14: 021101 | B14: SBC | C14: MOBILIZACAO/DESMOBILIZACAO DE EQUIP. E MO | D14: UN | E14: 1 | J14: =I14/G53 -> #DIV/0!
A15: 104790 | B15: SINAPI | C15: DEMOLIÇÃO DE PISO DE CONCRETO SIMPLES, DE FORMA MECANIZADA COM MARTELETE, SEM REAPROVEITAMENTO. AF_09/2023 | D15: m³ | E15: 80 | J15: =I15/G53 -> #DIV/0!
A16: 055 | B16: Próprio | C16: Taxas de Licenciamento (Ambiental e Prefeitura) | D16: und | E16: 1 | J16: =I16/G53 -> #DIV/0!
A17: 007 | B17: Próprio | C17: Desmontagem de balcões, armários e mobiliário incorporado | D17: CJ | E17: 1 | J17: =I17/G53 -> #DIV/0!
A18: 2450 | B18: ORSE | C18: Limpeza geral | D18: m² | E18: 2400 | J18: =I18/G53 -> #DIV/0!
A19: 12631 | B19: ORSE | C19: Retirada de divisória tipo naval | D19: m² | E19: 200 | J19: =I19/G53 -> #DIV/0!
A20: 97640 | B20: SINAPI | C20: REMOÇÃO DE FORROS DE DRYWALL, PVC E FIBROMINERAL, DE FORMA MANUAL, SEM REAPROVEITAMENTO. AF_09/2023 | D20: m² | E20: 1800 | J20: =I20/G53 -> #DIV/0!
A21: 104792 | B21: SINAPI | C21: REMOÇÃO DE CABOS ELÉTRICOS, COM SEÇÃO DE ATÉ 2,5 MM², DE FORMA MANUAL, SEM REAPROVEITAMENTO. AF_09/2023 | D21: M | E21: 8940.75 | J21: =I21/G53 -> #DIV/0!
A22: 20003070 | B22: SIURB | C22: LEVANTAMENTO CADASTRAL DE EDIFICAÇÃO ATÉ 500M2 | D22: UN | E22: 1 | J22: =I22/G53 -> #DIV/0!
A23: 00043681 | B23: SINAPI | C23: CHAPA/PAINEL DE MADEIRA COMPENSADA RESINADA E = 8 A 12 MM (PROTEÇÃO RÍGIDA) | D23: m² | E23: 150 | J23: =I23/G53 -> #DIV/0!
A24: 106711 | B24: SINAPI | C24: CARGA, MANOBRA E DESCARGA DE CAÇAMBA DE ENTULHO EM CAMINHÃO POLIGUINDASTE 8 M3. AF_02/2026 | D24: m³ | E24: ='Memorial de cálculo'!N222 -> 543 | J24: =I24/G53 -> #DIV/0!
A25: 7218 | B25: ORSE | C25: Remoção de impermeabilização com manta asfaltica | D25: m² | E25: 500 | J25: =I25/G53 -> #DIV/0!
A26: 014 | B26: Próprio | C26: Fechamento, drenagem, tamponamento e identificação de redes | D26: UN | E26: 70 | J26: =I26/G53 -> #DIV/0!
A27: 015 | B27: Próprio | C27: Desmontagem de pontos, racks secundários e cabeamento lógico | D27: UN | E27: 1 | J27: =I27/G53 -> #DIV/0!
A28: 022876 | B28: SBC | C28: DEMOLICAO MANUAL PISO VINILICO E ARGAM. DE ASSENTAMENTO | D28: m² | E28: 130 | J28: =I28/G53 -> #DIV/0!
A29: 97644 | B29: SINAPI | C29: REMOÇÃO DE PORTAS, DE FORMA MANUAL, SEM REAPROVEITAMENTO. AF_09/2023 | D29: m² | E29: 180 | J29: =I29/G53 -> #DIV/0!
A30: 5795 | B30: SINAPI | C30: MARTELETE OU ROMPEDOR PNEUMÁTICO MANUAL, 28 KG, COM SILENCIADOR - CHP DIURNO. AF_07/2016 | D30: CHP | E30: 65 | J30: =I30/G53 -> #DIV/0!
A31: 016 | B31: Próprio | C31: PROTEÇÃO DE FACHADA COM LONAS | D31: m² | E31: 650 | J31: =I31/G53 -> #DIV/0!
A32: 101509 | B32: SINAPI | C32: ENTRADA DE ENERGIA ELÉTRICA, AÉREA, TRIFÁSICA, COM CAIXA DE EMBUTIR, CABO DE 10 MM2 E DISJUNTOR DIN 50A (NÃO INCLUSO O POSTE DE CONCRETO). AF_12/2025 | D32: UN | E32: 1 | J32: =I32/G53 -> #DIV/0!
A33: 013 | B33: Próprio | C33: Desmontagem e movimentação de chiller/compressor ou equivalente | D33: UN | E33: 1 | J33: =I33/G53 -> #DIV/0!
A34: 008 | B34: Próprio | C34: Mapeamento, desligamento, bloqueio e etiquetagem de circuitos | D34: UND | E34: 1 | J34: =I34/G53 -> #DIV/0!
A35: 012 | B35: Próprio | C35: RETIRADA DE DUTOS INTERNOS | D35: M | E35: 50 | J35: =I35/G53 -> #DIV/0!
A36: 009 | B36: Próprio | C36: Inventário técnico e plano de desativação de climatização | D36: UND | E36: 1 | J36: =I36/G53 -> #DIV/0!
A37: 023101 | B37: SBC | C37: PROTECOES-PROTECAO PISO DE PAVIMENTO TERREO COM LONA/VINIL | D37: m² | E37: 150 | J37: =I37/G53 -> #DIV/0!
A38: 011 | B38: Próprio | C38: RETIRADA DE DIFUSORES E GRELHAS | D38: UN | E38: 20 | J38: =I38/G53 -> #DIV/0!
A39: 102190 | B39: SINAPI | C39: REMOÇÃO DE VIDRO LISO COMUM DE ESQUADRIA COM BAGUETE DE MADEIRA. AF_11/2025 (M2) | D39: m² | E39: 54 | J39: =I39/G53 -> #DIV/0!
A40: 97664 | B40: SINAPI | C40: REMOÇÃO DE ACESSÓRIOS, DE FORMA MANUAL, SEM REAPROVEITAMENTO. AF_09/2023 | D40: UN | E40: 500 | J40: =I40/G53 -> #DIV/0!
A41: 97663 | B41: SINAPI | C41: REMOÇÃO DE LOUÇAS, DE FORMA MANUAL, SEM REAPROVEITAMENTO. AF_09/2023 | D41: UN | E41: 40 | J41: =I41/G53 -> #DIV/0!
A42: 08.60.016 | B42: FDE | C42: RETIRADA DE UNIDADE EVAPORADORA DE AR CONDICIONADO | D42: UN | E42: 20 | J42: =I42/G53 -> #DIV/0!
A43: 97662 | B43: SINAPI | C43: REMOÇÃO DE TUBULAÇÕES (TUBOS E CONEXÕES) DE ÁGUA FRIA, DE FORMA MANUAL, SEM REAPROVEITAMENTO. AF_09/2023 | D43: M | E43: 1000 | J43: =I43/G53 -> #DIV/0!
A44: 97665 | B44: SINAPI | C44: REMOÇÃO DE LUMINÁRIAS, DE FORMA MANUAL, SEM REAPROVEITAMENTO. AF_09/2023 | D44: UN | E44: 250 | J44: =I44/G53 -> #DIV/0!
A45: 022941 | B45: SBC | C45: REMOCAO MANUAL DE BANCADA MARMORE/GRANITO S/REAPROVEITAMENTO | D45: M | E45: 15 | J45: =I45/G53 -> #DIV/0!
A46: 08.60.017 | B46: FDE | C46: RETIRADA DE UNIDADE CONDENSADORA DE AR CONDICIONADO | D46: UN | E46: 10 | J46: =I46/G53 -> #DIV/0!
A47: 102192 | B47: SINAPI | C47: REMOÇÃO DE VIDRO TEMPERADO FIXADO EM PERFIL U. AF_11/2025 (M2) | D47: m² | E47: 16 | J47: =I47/G53 -> #DIV/0!
A48: 0201004048 | B48: AGESUL | C48: RETIRADA DE QUADRO DE DISTRIBUICAO COM 12 A 20 DISJUNTORES | D48: UN | E48: 6 | J48: =I48/G53 -> #DIV/0!
A49: 004 | B49: Próprio | C49: ART de Execução | D49: und | E49: 1 | J49: =I49/G53 -> #DIV/0!
E51: Total sem BDI
E52: Total do BDI
E53: Total Geral

Sheet Cronograma
A1: CRONOGRAMA FÍSICO E FINANCEIRO
B2: Obra | C2: Bancos | D2: B.D.I. | E2: Encargos Sociais
B3: STRIP-OUT CREMERJ | E3: Não Desonerado: embutido nos preços unitário dos insumos de mão de obra, de acordo com as bases.
A5: Item | B5: Descrição | C5: Total Por Etapa | D5: 30 DIAS | E5: 60 DIAS
A6: 1 | B6: SERVIÇOS INICIAIS | C6: 1 | D6: 1 | E6: 0
C7: ='Orçamento Sintético'!H6 -> 0 | D7: =C7 -> 0
A8: 2 | B8: SERVIÇOS ADMINISTRATIVOS | C8: 1 | D8: 0.5 | E8: 0.5
C9: ='Orçamento Sintético'!H11 -> 0 | D9: =D8*C9 -> 0 | E9: =C9*E8 -> 0
A10: 3 | B10: ADMINISTRAÇÃO LOCAL | C10: 1 | D10: 0.5 | E10: 0.5
C11: ='Orçamento Sintético'!H14 -> 0 | D11: =C11*D10 -> 0 | E11: =C11*E10 -> 0
A12: 4 | B12: EQUIPAMENTOS | C12: 1 | D12: 0.5 | E12: 0.5
C13: ='Orçamento Sintético'!H18 -> 0 | D13: =D12*C13 -> 0 | E13: =C13*E12 -> 0
A14: 5 | B14: PROTEÇÕES | C14: 1 | D14: 0.5 | E14: 0.5
C15: ='Orçamento Sintético'!H20 -> 0 | D15: =D14*C15 -> 0 | E15: =C15*E14 -> 0
A16: 6 | B16: DEMOLIÇÕES - ARQUITETURA | C16: 1 | D16: 0.4 | E16: 0.6
C17: ='Orçamento Sintético'!H24 -> 0 | D17: =D16*C17 -> 0 | E17: =C17*E16 -> 0
A18: 7 | B18: DEMOLIÇÃO - INSTALAÇOES ELÉTRICAS | C18: 1 | D18: 0.5 | E18: 0.5
C19: ='Orçamento Sintético'!H38 -> 0 | D19: =D18*C19 -> 0 | E19: =C19*E18 -> 0
A20: 8 | B20: DEMOLIÇÃO - CLIMATIZAÇÃO | C20: 1 | D20: 0.5 | E20: 0.5
C21: ='Orçamento Sintético'!H45 -> 0 | D21: =D20*C21 -> 0 | E21: =C21*E20 -> 0
A22: 9 | B22: DEMOLIÇÃO - HIDROSSANITÁRIO | C22: 1 | D22: 0.5 | E22: 0.5
C23: ='Orçamento Sintético'!H52 -> 0 | D23: =D22*C23 -> 0 | E23: =C23*E22 -> 0
A24: 10 | B24: LIMPEZA | C24: 1 | D24: 0.2 | E24: 0.8
C25: ='Orçamento Sintético'!H56 -> 0 | D25: =D24*C25 -> 0 | E25: =C25*E24 -> 0
A26: Porcentagem | D26: =(D24+D22+D20+D18+D16+D14+D12+D10+D8+D6)/10 -> 0.51 | E26: =(E24+E22+E20+E18+E16+E14+E12+E10+E8+E6)/10 -> 0.49
A27: Custo | D27: =D25+D23+D21+D19+D17+D15+D13+D11+D9+D7 -> 0 | E27: =E25+E23+E21+E19+E17+E15+E13+E11+E9+E7 -> 0
A28: Porcentagem Acumulado | D28: =D26 -> 0.51 | E28: =D26+E26 -> 1
A29: Custo Acumulado | D29: =D27 -> 0 | E29: =D27+E27 -> 0

Sheet BDI
A1: ANEXO - PLANILHA BDI
A2: Item | B2: Descrição | C2: %
A3: 1 | B3: ADMINSTRAÇÃO CENTRAL
A4: 2 | B4: LUCRO
A5: 3. | B5: DESPESAS FINANCEIRAS
A6: 4. | B6: SEGUROS, RISCOS e GARANTIAS
A7: 4.1. | B7: Seguros + Garantias
A8: 4.2 | B8: Riscos
A9: 5. | B9: TRIBUTOS
A10: 5.1. | B10: ISS
A11: 5.2. | B11: PIS
A12: 5.3. | B12: COFINS
A13: 5.4. | B13: CPRB (INSS)
A14: 6. BDI
A15: Total
A18: Preencher células com fundo branco
B21: onde:
B22: AC - Administração Central
B23: S - Seguro
B24: G - Garantia
B25: DF - Despesas Financeiras
B26: L - Lucro
B27: T - Tributos

Sheet Memorial de cálculo
A1: MEMORIAL DE CÁLCULO
C2: Obra
C3: STRIP-OUT CREMERJ
A4: Memorial de Cálculo
A5: Item | B5: Código | C5: Descrição | M5: Und | N5: Quant.
A6: 1 | C6: SERVIÇOS INICIAIS | N6: 1
A7: 1.1 | B7: 021101 | C7: MOBILIZACAO/DESMOBILIZACAO DE EQUIP. E MO | M7: UN | N7: 1
A8: DESCRIÇÃO | D8: QTD/ TAXA | E8: COMP (M) | F8: LARG (M) | G8: ALT (M) | I8: ÁREA (M²) | J8: VOLUME (M³) | K8: PESO (KG) | L8: DMT (KM) | M8: TRANSPORTE | N8: TOTAL
A9: mobilização e desmobilização da equipe
A11: 1.2 | B11: 101509 | C11: ENTRADA DE ENERGIA ELÉTRICA, AÉREA, TRIFÁSICA, COM CAIXA DE EMBUTIR, CABO DE 10 MM2 E DISJUNTOR DIN 50A (NÃO INCLUSO O POSTE DE CONCRETO). AF_12/2025 | M11: UN | N11: 1
A12: DESCRIÇÃO | D12: QTD/ TAXA | E12: COMP (M) | F12: LARG (M) | G12: ALT (M) | I12: ÁREA (M²) | J12: VOLUME (M³) | K12: PESO (KG) | L12: DMT (KM) | M12: TRANSPORTE | N12: TOTAL
A13: execução de entreada de energia
A15: 1.3 | B15: 20003070 | C15: LEVANTAMENTO CADASTRAL DE EDIFICAÇÃO ATÉ 500M2 | M15: UN | N15: 1
A16: DESCRIÇÃO | D16: QTD/ TAXA | E16: COMP (M) | F16: LARG (M) | G16: ALT (M) | I16: ÁREA (M²) | J16: VOLUME (M³) | K16: PESO (KG) | L16: DMT (KM) | M16: TRANSPORTE | N16: TOTAL
A17: levantamento da estrutura | D17: 1 | I17: 500
A19: 1.4 | B19: 20003071 | C19: LEVANTAMENTO CADASTRAL DE EDIFICAÇÃO EXCEDENTE ENTRE 501M2 À 2000M2 | M19: m² | N19: =N21+N22+N23+N24+N25 -> 2400
A20: DESCRIÇÃO | D20: QTD/ TAXA | E20: COMP (M) | F20: LARG (M) | G20: ALT (M) | I20: ÁREA (M²) | J20: VOLUME (M³) | K20: PESO (KG) | L20: DMT (KM) | M20: TRANSPORTE | N20: TOTAL
A21: estimativa de áreas subsolo | D21: 1 | I21: 620 | N21: =I21*D21 -> 620
A22: estimativa de áreas térreo | D22: 1 | I22: 460 | N22: =I22*D22 -> 460
A23: estimativa de áreas 2 pavimento | D23: 1 | I23: 320 | N23: =I23*D23 -> 320
A24: estimativa de áreas 3 pavimento | D24: 1 | I24: 500 | N24: =I24*D24 -> 500
A25: estimativa de áreas cobertura | D25: 1 | I25: 500 | N25: =I25*D25 -> 500
A27: 2 | C27: SERVIÇOS ADMINISTRATIVOS | N27: 1
A28: 2.1 | B28: 004 | C28: ART de Execução | M28: und | N28: 1
A29: DESCRIÇÃO | D29: QTD/ TAXA | E29: COMP (M) | F29: LARG (M) | G29: ALT (M) | I29: ÁREA (M²) | J29: VOLUME (M³) | K29: PESO (KG) | L29: DMT (KM) | M29: TRANSPORTE | N29: TOTAL
A30: ART de Execução | D30: 1
A32: 2.2 | B32: 055 | C32: Taxas de Licenciamento (Ambiental e Prefeitura) | M32: und | N32: 1
A33: DESCRIÇÃO | D33: QTD/ TAXA | E33: COMP (M) | F33: LARG (M) | G33: ALT (M) | I33: ÁREA (M²) | J33: VOLUME (M³) | K33: PESO (KG) | L33: DMT (KM) | M33: TRANSPORTE | N33: TOTAL
A34: estimativa de taxas necessárias | D34: 1
A36: 3 | C36: ADMINISTRAÇÃO LOCAL | N36: 1
A37: 3.1 | B37: 93565 | C37: ENGENHEIRO CIVIL DE OBRA JUNIOR COM ENCARGOS COMPLEMENTARES | M37: MES | N37: =D39 -> 1.5
A38: DESCRIÇÃO | D38: QTD/ TAXA | E38: COMP (M) | F38: LARG (M) | G38: ALT (M) | I38: ÁREA (M²) | J38: VOLUME (M³) | K38: PESO (KG) | L38: DMT (KM) | M38: TRANSPORTE | N38: TOTAL
A39: Horas de administração no local | D39: 1.5
A41: 3.2 | B41: 94295 | C41: MESTRE DE OBRAS COM ENCARGOS COMPLEMENTARES | M41: MES | N41: =D43 -> 2
A42: DESCRIÇÃO | D42: QTD/ TAXA | E42: COMP (M) | F42: LARG (M) | G42: ALT (M) | I42: ÁREA (M²) | J42: VOLUME (M³) | K42: PESO (KG) | L42: DMT (KM) | M42: TRANSPORTE | N42: TOTAL
A43: Horas de administração no local | D43: 2
A45: 3.3 | B45: 100321 | C45: TÉCNICO EM SEGURANÇA DO TRABALHO COM ENCARGOS COMPLEMENTARES | M45: MES | N45: =D47 -> 2
A46: DESCRIÇÃO | D46: QTD/ TAXA | E46: COMP (M) | F46: LARG (M) | G46: ALT (M) | I46: ÁREA (M²) | J46: VOLUME (M³) | K46: PESO (KG) | L46: DMT (KM) | M46: TRANSPORTE | N46: TOTAL
A47: Horas de administração no local | D47: 2
A49: 4 | C49: EQUIPAMENTOS | N49: 1
A50: 4.1 | B50: 5795 | C50: MARTELETE OU ROMPEDOR PNEUMÁTICO MANUAL, 28 KG, COM SILENCIADOR - CHP DIURNO. AF_07/2016 | M50: CHP | N50: 65
A51: DESCRIÇÃO | D51: QTD/ TAXA | E51: COMP (M) | F51: LARG (M) | G51: ALT (M) | I51: ÁREA (M²) | J51: VOLUME (M³) | K51: PESO (KG) | L51: DMT (KM) | M51: TRANSPORTE | N51: TOTAL
A52: estimativa de hora trabalhada com custo produtivo | D52: 65 | N52: =D52 -> 65
A54: 5 | C54: PROTEÇÕES | N54: 1
A55: 5.1 | B55: 023101 | C55: PROTECOES-PROTECAO PISO DE PAVIMENTO TERREO COM LONA/VINIL | M55: m² | N55: 150
A56: DESCRIÇÃO | D56: QTD/ TAXA | E56: COMP (M) | F56: LARG (M) | G56: ALT (M) | I56: ÁREA (M²) | J56: VOLUME (M³) | K56: PESO (KG) | L56: DMT (KM) | M56: TRANSPORTE | N56: TOTAL
A57: área estimada de piso em granito | D57: 1 | I57: 150 | N57: =D57*I57 -> 150
A59: 5.2 | B59: 00043681 | C59: CHAPA/PAINEL DE MADEIRA COMPENSADA RESINADA E = 8 A 12 MM (PROTEÇÃO RÍGIDA) | M59: m² | N59: 150
A60: DESCRIÇÃO | D60: QTD/ TAXA | E60: COMP (M) | F60: LARG (M) | G60: ALT (M) | I60: ÁREA (M²) | J60: VOLUME (M³) | K60: PESO (KG) | L60: DMT (KM) | M60: TRANSPORTE | N60: TOTAL
A61: área estimada de piso em granito | D61: 1 | I61: 150 | N61: =D61*I61 -> 150
A63: 5.3 | B63: 016 | C63: PROTEÇÃO DE FACHADA COM LONAS | M63: m² | N63: =N65 -> 650
A64: DESCRIÇÃO | D64: QTD/ TAXA | E64: COMP (M) | F64: LARG (M) | G64: ALT (M) | I64: ÁREA (M²) | J64: VOLUME (M³) | K64: PESO (KG) | L64: DMT (KM) | M64: TRANSPORTE | N64: TOTAL
A65: área estimada fachada | D65: 1 | E65: 65 | G65: 10 | I65: =E65*G65 -> 650 | N65: =I65 -> 650
A67: 6 | C67: DEMOLIÇÕES - ARQUITETURA | N67: 1
A68: 6.1 | B68: 97640 | C68: REMOÇÃO DE FORROS DE DRYWALL, PVC E FIBROMINERAL, DE FORMA MANUAL, SEM REAPROVEITAMENTO. AF_09/2023 | M68: m² | N68: 1800
A69: DESCRIÇÃO | D69: QTD/ TAXA | E69: COMP (M) | F69: LARG (M) | G69: ALT (M) | I69: ÁREA (M²) | J69: VOLUME (M³) | K69: PESO (KG) | L69: DMT (KM) | M69: TRANSPORTE | N69: TOTAL
A70: área de forro estimada a ser retirada do subsolo | D70: 1 | I70: 540 | N70: =D70*I70 -> 540
A71: área de forro estimada a ser retirada do térreo | D71: 1 | I71: 440 | N71: =D71*I71 -> 440
A72: área de forro estimada a ser retirada do 2 pavimento | D72: 1 | I72: 340 | N72: =D72*I72 -> 340
A73: área de forro estimada a ser retirada do 3 pavimento | D73: 1 | I73: 480 | N73: =D73*I73 -> 480
A75: 6.2 | B75: 97634 | C75: DEMOLIÇÃO DE REVESTIMENTO CERÂMICO, DE FORMA MECANIZADA COM MARTELETE, SEM REAPROVEITAMENTO. AF_09/2023 (PISO) | M75: m² | N75: 1700
A76: DESCRIÇÃO | D76: QTD/ TAXA | E76: COMP (M) | F76: LARG (M) | G76: ALT (M) | I76: ÁREA (M²) | J76: VOLUME (M³) | K76: PESO (KG) | L76: DMT (KM) | M76: TRANSPORTE | N76: TOTAL
A77: área de piso estimada a ser retirada do subsolo | D77: 1 | I77: 540 | N77: =I77+I78+I79+I80 -> 1700
A78: área de piso estimada a ser retirada do térreo | D78: 1 | I78: 300 | N78: =D78*I78 -> 300
A79: área de piso estimada a ser retirada do 2 pavimento | D79: 1 | I79: 340 | N79: =D79*I79 -> 340
A80: área de piso estimada a ser retirada do 3 pavimento (com margem para degraus piso plenária) | D80: 1 | I80: 520 | N80: =D80*I80 -> 520
A82: 6.3 | B82: 022876 | C82: DEMOLICAO MANUAL PISO VINILICO E ARGAM. DE ASSENTAMENTO | M82: m² | N82: 130
A83: DESCRIÇÃO | D83: QTD/ TAXA | E83: COMP (M) | F83: LARG (M) | G83: ALT (M) | I83: ÁREA (M²) | J83: VOLUME (M³) | K83: PESO (KG) | L83: DMT (KM) | M83: TRANSPORTE | N83: TOTAL
A84: área de piso estimada a ser retirada do subsolo - (circulação) | D84: 1 | I84: 50 | N84: =D84*I84 -> 50
A85: área de piso estimada a ser retirada do térreo - (circulação) | D85: 1 | I85: 40 | N85: =D85*I85 -> 40
A86: área de piso estimada a ser retirada do 2 pavimento - (circulação) | D86: 1 | I86: 40 | N86: =D86*I86 -> 40
A88: 6.4 | B88: 104790 | C88: DEMOLIÇÃO DE PISO DE CONCRETO SIMPLES, DE FORMA MECANIZADA COM MARTELETE, SEM REAPROVEITAMENTO. AF_09/2023 | M88: m³ | N88: 80
A89: DESCRIÇÃO | D89: QTD/ TAXA | E89: COMP (M) | F89: LARG (M) | G89: ALT (M) | I89: ÁREA (M²) | J89: VOLUME (M³) | K89: PESO (KG) | L89: DMT (KM) | M89: TRANSPORTE | N89: TOTAL
A90: área estimada de piso a ser retirado do 3 pavimento (piso elevado plenárias) | D90: 1 | J90: 80 | N90: =D90*J90 -> 80
A92: 6.5 | B92: 7218 | C92: Remoção de impermeabilização com manta asfaltica | M92: m² | N92: 500
A93: DESCRIÇÃO | D93: QTD/ TAXA | E93: COMP (M) | F93: LARG (M) | G93: ALT (M) | I93: ÁREA (M²) | J93: VOLUME (M³) | K93: PESO (KG) | L93: DMT (KM) | M93: TRANSPORTE | N93: TOTAL
A94: área de piso estimada a ser retirada da cobertura | D94: 1 | I94: 500 | N94: =D94*I94 -> 500
A96: 6.6 | B96: 97633 | C96: DEMOLIÇÃO DE REVESTIMENTO CERÂMICO, DE FORMA MANUAL, SEM REAPROVEITAMENTO. AF_09/2023 (PAREDE) | M96: m² | N96: 750
A97: DESCRIÇÃO | D97: QTD/ TAXA | E97: COMP (M) | F97: LARG (M) | G97: ALT (M) | I97: ÁREA (M²) | J97: VOLUME (M³) | K97: PESO (KG) | L97: DMT (KM) | M97: TRANSPORTE | N97: TOTAL
A98: área de revestimento estimada a ser retirada do subsolo | D98: 1 | I98: 570 | N98: =D98*I98 -> 570
A99: área de revestimento estimada a ser retirada do térreo | D99: 1 | I99: 70 | N99: =D99*I99 -> 70
A100: área de revestimento estimada a ser retirada do 2 pavimento | D100: 1 | I100: 40 | N100: =D100*I100 -> 40
A101: área de revestimento estimada a ser retirada do 3 pavimento | D101: 1 | I101: 70 | N101: =D101*I101 -> 70
A103: 6.7 | B103: 97622 | C103: DEMOLIÇÃO DE ALVENARIA DE BLOCO FURADO, DE FORMA MANUAL, SEM REAPROVEITAMENTO. AF_09/2023 | M103: m³ | N103: =N105+N106+N107+N108+N109+N110 -> 240.9985
A104: DESCRIÇÃO | D104: QTD/ TAXA | E104: COMP (M) | F104: LARG (M) | G104: ALT (M) | I104: ÁREA (M²) | J104: VOLUME (M³) | K104: PESO (KG) | L104: DMT (KM) | M104: TRANSPORTE | N104: TOTAL
A105: área de parede estimada a ser retirada do subsolo | D105: 1 | G105: 3.25 | I105: 11 | J105: =G105*I105 -> 35.75 | N105: =D105*J105 -> 35.75
A106: área de parede estimada a ser retirada do subsolo | D106: 1 | G106: 3.85 | I106: 8 | J106: =G106*I106 -> 30.8 | N106: =D106*J106 -> 30.8
A107: área de parede estimada a ser retirada do térreo | D107: 1 | G107: 2.6 | I107: 12 | J107: =G107*I107 -> 31.2 | N107: =D107*J107 -> 31.2
A108: área de parede estimada a ser retirada do térreo | D108: 1 | G108: 3.2 | I108: 6.5 | J108: =G108*I108 -> 20.8 | N108: =D108*J108 -> 20.8
A109: área de parede estimada a ser retirada do 2 pavimento | D109: 1 | G109: 2.4 | I109: 17 | J109: =G109*I109 -> 40.8 | N109: =D109*J109 -> 40.8
A110: área de parede estimada a ser retirada do 3 pavimento | D110: 1 | G110: 3.05 | I110: 26.77 | J110: =G110*I110 -> 81.6485 | N110: =D110*J110 -> 81.6485
A112: 6.8 | B112: 97644 | C112: REMOÇÃO DE PORTAS, DE FORMA MANUAL, SEM REAPROVEITAMENTO. AF_09/2023 | M112: m² | N112: 180
A113: DESCRIÇÃO | D113: QTD/ TAXA | E113: COMP (M) | F113: LARG (M) | G113: ALT (M) | I113: ÁREA (M²) | J113: VOLUME (M³) | K113: PESO (KG) | L113: DMT (KM) | M113: TRANSPORTE | N113: TOTAL
A114: estimativa de 105 portas de aproximadamente 80x210cm | D114: 105 | I114: 1.71 | N114: =D114*I114 -> 179.55
A116: 6.9 | B116: 022941 | C116: REMOCAO MANUAL DE BANCADA MARMORE/GRANITO S/REAPROVEITAMENTO | M116: M | N116: 15
A117: DESCRIÇÃO | D117: QTD/ TAXA | E117: COMP (M) | F117: LARG (M) | G117: ALT (M) | I117: ÁREA (M²) | J117: VOLUME (M³) | K117: PESO (KG) | L117: DMT (KM) | M117: TRANSPORTE | N117: TOTAL
A118: estimativa de bancadas a serem retiradas | D118: 1 | E118: 15 | N118: =D118*E118 -> 15
A120: 6.10 | B120: 007 | C120: Desmontagem de balcões, armários e mobiliário incorporado | M120: CJ | N120: 1
A121: DESCRIÇÃO | D121: QTD/ TAXA | E121: COMP (M) | F121: LARG (M) | G121: ALT (M) | I121: ÁREA (M²) | J121: VOLUME (M³) | K121: PESO (KG) | L121: DMT (KM) | M121: TRANSPORTE | N121: TOTAL
A122: desmontagem de balcões recepção, mobiliário de apoio fixo em mdf, madeira e granito | D122: 1
...
